[Event "CZE-ch U12 Open 2023"]
[Site "Teplice"]
[Date "2023.03.15"]
[Round "6.1"]
[White "Kroulik, Vaclav"]
[Black "Mydlar, Matej"]
[Result "1-0"]
[ECO "E12"]
[WhiteElo "1772"]
[BlackElo "1586"]
[Annotator "NA RC COMBH"]
[PlyCount "47"]
[EventDate "2023.03.09"]
[EventType "swiss"]
[EventCountry "CZE"]
[SourceTitle "playchess.com"]
[Source "ChessBase"]
[SourceQuality "1"]
[TimeControl "40/5400+30:1800+30"]

1. d4 Nf6 2. c4 e6 3. Nf3 b6 4. a3 Bb7 5. Nc3 d5 6. cxd5 exd5 7. Bf4 Bd6 8. Bg3 O-O 9. Rc1 a6 10. e3 Ne4 11. Nxe4 dxe4 12. Nd2 f5 13. Bxd6 Qxd6 14. Nc4 Qe7 15. Ne5 Rf6 16. Bc4+ Kh8 17. Qh5 g6 18. Qh4 Kg7 19. g4 Nd7 20. g5 Re6 21. Nxd7 Rc6 22. Qh6+ Kh8 23. Ne5 b5 24. Nxc6 1-0

[Event "CZE-ch U12 Open 2023"]
[Site "Teplice"]
[Date "2023.03.15"]
[Round "6.2"]
[White "Mik, Tomas"]
[Black "Sochor, Antonin"]
[Result "0-1"]
[ECO "B58"]
[WhiteElo "1911"]
[BlackElo "1574"]
[Annotator "TA"]
[PlyCount "36"]
[EventDate "2023.03.09"]
[EventType "swiss"]
[EventCountry "CZE"]
[SourceTitle "playchess.com"]
[Source "ChessBase"]
[SourceQuality "1"]
[TimeControl "40/5400+30:1800+30"]

1. e4 c5 2. Nf3 d6 3. d4 cxd4 4. Nxd4 Nf6 5. Nc3 Nc6 6. Be2 a6 7. O-O g6 8. Be3 Bg7 9. f4 O-O 10. Kh1 Qc7 {[%emt 0:01:24] B73: Sicilian Dragon: Classical System without 9 Nb3.} 11. Qe1 {[%emt 0:02:21] [#]} (11. Nxc6 $11 bxc6 12. f5) 11... Nxe4 $146 ({Predecessor:} 11... Bg4 12. Nf3 b5 13. Bd3 Rac8 14. Ne2 d5 15. e5 Ne4 16. a3 f6 17. h3 Bd7 18. exf6 Bxf6 {1-0 Gaggiottini,M (2095)-Barni,N ITA m1 Italy 1995}) 12. Nd5 $1 Qd8 {[%emt 0:04:40] Black is slightly better.} 13. Nxc6 (13. Bf3 $15) 13... bxc6 $17 14. Bb6 (14. Nb6 $17 Rb8 15. Bd3) 14... Qd7 $19 15. Bg4 $2 {[%emt 0:06:37] [#]} (15. Nc3 Nxc3 16. bxc3) 15... f5 ({Weaker is} 15... Qxg4 16. Nxe7+ Kh8 17. Qxe4 $15) 16. Nb4 Qb7 {[%emt 0:01:32] Black is clearly winning.} 17. Bg1 c5 18. Nd3 fxg4 {[%emt 0:00:13] White did not feel at home in the position after the opening.   Weighted Error Value: White=0.87/Black=0.00 (flawless)} 0-1

[Event "CZE-ch U12 Open 2023"]
[Site "Teplice"]
[Date "2023.03.15"]
[Round "6.3"]
[White "Chernyy, Andrey"]
[Black "Policar, Martin"]
[Result "1-0"]
[ECO "B12"]
[WhiteElo "1605"]
[BlackElo "1552"]
[Annotator "NA RC COMBH"]
[PlyCount "105"]
[EventDate "2023.03.09"]
[EventType "swiss"]
[EventCountry "CZE"]
[SourceTitle "playchess.com"]
[Source "ChessBase"]
[SourceQuality "1"]
[TimeControl "40/5400+30:1800+30"]

1. e4 c6 2. d4 d5 3. e5 Bf5 4. h4 h6 5. g4 Be4 6. f3 Bg6 7. h5 Bh7 8. e6 f5 9. Bf4 Nf6 10. gxf5 Bxf5 11. Bh3 Nxh5 12. Bxb8 Qxb8 13. Bxf5 Qg3+ 14. Kf1 Qg5 15. Rxh5 Qxh5 16. Qd3 O-O-O 17. Nc3 g5 18. b4 Kc7 19. b5 Bg7 20. bxc6 bxc6 21. Na4 Rhf8 22. Nc5 Bxd4 23. Qxd4 Rxf5 24. Na6+ Kd6 25. Re1 Rxf3+ 26. Kg2 Rg3+ 27. Kxg3 Qh4+ 28. Qxh4 gxh4+ 29. Kxh4 c5 30. Nf3 Rf8 31. Kg3 Kc6 32. Ne5+ Kd6 33. Nd7 Rc8 34. Naxc5 Rg8+ 35. Kf3 h5 36. Rh1 h4 37. Rxh4 Rg1 38. c4 Rd1 39. cxd5 Ra1 40. Ra4 a5 41. Rxa5 Rf1+ 42. Ke2 Rf5 43. a4 Rh5 44. Ra7 Rh2+ 45. Kf3 Rh3+ 46. Kg2 Ra3 47. a5 Ra2+ 48. Kf3 Ra3+ 49. Ke2 Ra1 50. a6 Ra3 51. Rb7 Ra1 52. a7 Ra3 53. Nb6 1-0

[Event "CZE-ch U12 Open 2023"]
[Site "Teplice"]
[Date "2023.03.15"]
[Round "6.4"]
[White "Boff, Ondrej"]
[Black "Mikulka, Martin Michael"]
[Result "0-1"]
[ECO "C01"]
[WhiteElo "1561"]
[BlackElo "1786"]
[Annotator "NA RC COMBH"]
[PlyCount "84"]
[EventDate "2023.03.09"]
[EventType "swiss"]
[EventCountry "CZE"]
[SourceTitle "playchess.com"]
[Source "ChessBase"]
[SourceQuality "1"]
[TimeControl "40/5400+30:1800+30"]

1. e4 e6 2. d4 d5 3. exd5 exd5 4. Bd3 Nf6 5. Ne2 Bd6 6. Bf4 O-O 7. O-O Bg4 8. f3 Bh5 9. Bxd6 Qxd6 10. Ng3 Bg6 11. Nf5 Bxf5 12. Bxf5 Nbd7 13. Nd2 Qf4 14. Bxd7 Qxd4+ 15. Rf2 Nxd7 16. c3 Qb6 17. Nb3 Nf6 18. Qd2 Rfe8 19. Nd4 Re5 20. Re1 Rae8 21. Rfe2 Rxe2 22. Rxe2 Rxe2 23. Qxe2 g6 24. Kf1 c5 25. Nb3 Qd6 26. g4 b6 27. Nd2 Qf4 28. Kg2 h5 29. h3 Qg5 30. Nf1 hxg4 31. hxg4 Nh5 32. Qe8+ Kg7 33. Ne3 d4 34. Nc4 Nf4+ 35. Kg3 Ne6 36. Qd7 Qf4+ 37. Kg2 dxc3 38. Qd3 cxb2 39. Nxb2 Qc1 40. Qb3 Qd2+ 41. Kg3 Qe1+ 42. Kg2 Nf4+ 0-1

[Event "CZE-ch U12 Open 2023"]
[Site "Teplice"]
[Date "2023.03.15"]
[Round "6.5"]
[White "Rendl, Lubos"]
[Black "Sboev, Kirill"]
[Result "1-0"]
[ECO "D37"]
[WhiteElo "1477"]
[BlackElo "1506"]
[Annotator "NA RC COMBH"]
[PlyCount "113"]
[EventDate "2023.03.09"]
[EventType "swiss"]
[EventCountry "CZE"]
[SourceTitle "playchess.com"]
[Source "ChessBase"]
[SourceQuality "1"]
[TimeControl "40/5400+30:1800+30"]

1. Nf3 d5 2. c4 e6 3. d4 Nf6 4. Nc3 Be7 5. Bf4 O-O 6. e3 b6 7. h3 Bb7 8. Rc1 Nbd7 9. cxd5 exd5 10. Bd3 Rc8 11. O-O c5 12. Qd2 Ne4 13. Bxe4 dxe4 14. Ne5 Nxe5 15. Bxe5 Bf6 16. Bxf6 Qxf6 17. dxc5 Rxc5 18. Ne2 Rd8 19. Nd4 Qd6 20. Rfd1 h6 21. Rxc5 bxc5 22. Nb3 Qxd2 23. Rxd2 Rxd2 24. Nxd2 Bd5 25. Kh2 f5 26. a3 a5 27. f4 Kf7 28. g4 fxg4 29. hxg4 g6 30. Kg3 Ke6 31. Kh4 Kf7 32. Kg3 Ke7 33. Kh3 Kd6 34. Kg3 g5 35. Nb1 Bc6 36. Nc3 Ke6 37. Kf2 Kf6 38. Ke2 Ke6 39. Kd2 Kd6 40. Kc2 c4 41. Ne2 Bd7 42. Ng3 Kd5 43. f5 Be8 44. b3 cxb3+ 45. Kxb3 Bb5 46. f6 Be8 47. f7 Bxf7 48. Ka4 Bg6 49. Kxa5 Kc5 50. a4 Bh7 51. Nh5 Kc6 52. Kb4 Bg6 53. Nf6 h5 54. gxh5 Bf5 55. h6 Bh7 56. Nxh7 g4 57. Ng5 1-0

[Event "CZE-ch U12 Open 2023"]
[Site "Teplice"]
[Date "2023.03.15"]
[Round "6.6"]
[White "Sochor, Vaclav"]
[Black "Hladky, Mikulas"]
[Result "1/2-1/2"]
[ECO "B21"]
[WhiteElo "1503"]
[BlackElo "1476"]
[Annotator "NA RC COMBH"]
[PlyCount "67"]
[EventDate "2023.03.09"]
[EventType "swiss"]
[EventCountry "CZE"]
[SourceTitle "playchess.com"]
[Source "ChessBase"]
[SourceQuality "1"]
[TimeControl "40/5400+30:1800+30"]

1. e4 c5 2. d4 cxd4 3. c3 dxc3 4. Nxc3 Nc6 5. Bc4 d6 6. Nf3 a6 7. O-O Nf6 8. Qe2 Bg4 9. Rd1 e6 10. Bf4 Qb8 11. h3 Bxf3 12. Qxf3 Be7 13. Rd2 O-O 14. Rad1 Ne5 15. Bxe5 dxe5 16. g4 b5 17. Bb3 b4 18. Ne2 h6 19. h4 Nh7 20. Qg3 Rd8 21. f3 Qb6+ 22. Kf1 Qe3 23. Rxd8+ Rxd8 24. Rxd8+ Bxd8 25. Bc4 a5 26. Kg2 Qc5 27. b3 Qd6 28. Qe1 Nf8 29. h5 Nd7 30. Nc1 Nb6 31. Bf1 Bg5 32. Nd3 Nd7 33. Qb1 Nc5 34. Nxc5 1/2-1/2

[Event "CZE-ch U12 Open 2023"]
[Site "Teplice"]
[Date "2023.03.15"]
[Round "6.7"]
[White "Migalko, Dmitriy"]
[Black "Bara, Jan"]
[Result "0-1"]
[ECO "B50"]
[WhiteElo "1581"]
[BlackElo "1712"]
[Annotator "NA RC COMBH"]
[PlyCount "94"]
[EventDate "2023.03.09"]
[EventType "swiss"]
[EventCountry "CZE"]
[SourceTitle "playchess.com"]
[Source "ChessBase"]
[SourceQuality "1"]
[TimeControl "40/5400+30:1800+30"]

1. e4 c5 2. Nf3 d6 3. Nc3 g6 4. d4 cxd4 5. Qxd4 Nf6 6. Bg5 Bg7 7. O-O-O O-O 8. e5 Ng4 9. Qd2 Nxe5 10. Nxe5 Bxe5 11. Nd5 Nc6 12. Bb5 Re8 13. f4 Bg7 14. Bxc6 bxc6 15. Nxe7+ Rxe7 16. Bxe7 Qxe7 17. Qxd6 Qxd6 18. Rxd6 Be6 19. Rhd1 Bd5 20. g3 a5 21. b3 a4 22. c4 axb3 23. axb3 Ra1+ 24. Kd2 Rxd1+ 25. Kxd1 Bf3+ 26. Kd2 Bf8 27. Rd8 Kg7 28. Ke3 Bg4 29. Kd4 Bb4 30. Rb8 c5+ 31. Kd5 Bd1 32. h4 Bxb3 33. g4 Bd1 34. g5 Bg4 35. Kd6 Be6 36. h5 gxh5 37. Ke5 Bc3+ 38. Ke4 f5+ 39. gxf6+ Bxf6 40. Rb7+ Kg6 41. Rc7 Bf5+ 42. Kf3 Bd4 43. Rc6+ Kf7 44. Rc7+ Ke6 45. Rc6+ Kd7 46. Rh6 Bg6 47. f5 Bg7 0-1

[Event "CZE-ch U12 Open 2023"]
[Site "Teplice"]
[Date "2023.03.15"]
[Round "6.9"]
[White "Rudlof, Adam"]
[Black "Frantsev, Iegor"]
[Result "1-0"]
[ECO "B12"]
[WhiteElo "1409"]
[BlackElo "1424"]
[Annotator "NA RC COMBH"]
[PlyCount "101"]
[EventDate "2023.03.09"]
[EventType "swiss"]
[EventCountry "CZE"]
[SourceTitle "playchess.com"]
[Source "ChessBase"]
[SourceQuality "1"]
[TimeControl "40/5400+30:1800+30"]

1. e4 c6 2. d4 d5 3. f3 e6 4. Nc3 Bd6 5. Be3 Nd7 6. e5 Bb8 7. Bd3 c5 8. f4 c4 9. Be2 Ne7 10. Nf3 Qb6 11. Rb1 Nf5 12. Bf2 Qc6 13. g4 Ne7 14. h4 b5 15. a3 a5 16. Na2 Bc7 17. c3 f5 18. Rg1 g6 19. Qc2 Nf8 20. Kd2 Ba6 21. h5 fxg4 22. Rxg4 gxh5 23. Rg5 Nfg6 24. Be3 h4 25. Rh1 Nf5 26. Bf2 O-O-O 27. Nxh4 Nfxh4 28. Bxh4 Nxf4 29. Rg4 Rdf8 30. Bf6 Rxf6 31. exf6 e5 32. f7 Rf8 33. Rg8 Qd6 34. Rxf8+ Qxf8 35. Qf5+ Kb7 36. dxe5 Nxe2 37. Kxe2 d4 38. Qe4+ Kb6 39. Qxd4+ Kb7 40. Qd5+ Ka7 41. e6 Bb7 42. Qd4+ Bb6 43. Qd7 Qc5 44. Kd1 Ka6 45. Re1 Qf5 46. Kc1 Be4 47. f8=Q Qxf8 48. Rxe4 Qh6+ 49. Qd2 Qh1+ 50. Re1 Qc6 51. e7 1-0

[Event "CZE-ch U12 Open 2023"]
[Site "Teplice"]
[Date "2023.03.15"]
[Round "6.10"]
[White "Kupka, Alexandr"]
[Black "Sudrich, Radek"]
[Result "1/2-1/2"]
[ECO "B22"]
[WhiteElo "1220"]
[BlackElo "2054"]
[Annotator "TA"]
[PlyCount "49"]
[EventDate "2023.03.09"]
[EventType "swiss"]
[EventCountry "CZE"]
[SourceTitle "playchess.com"]
[Source "ChessBase"]
[SourceQuality "1"]
[TimeControl "40/5400+30:1800+30"]

1. e4 c5 2. c3 e6 3. d4 cxd4 4. cxd4 Nf6 5. Bd3 d6 6. Be3 {[%emt 0:05:58] B22: Sicilian: 2 c3.} Nc6 7. Nd2 Be7 {[%emt 0:04:30] [#]} 8. Ne2 $146 (8. h3 $14) ({Predecessor:} 8. Rc1 O-O 9. Ne2 Ng4 10. Nf3 Nxe3 11. fxe3 e5 12. O-O Bf6 13. Bb1 g6 14. a3 {0-1 Garcia,E-De Avila,L COL m05 Colombia 1999 (2)}) 8... O-O (8... Ng4 $11) 9. O-O (9. h3 $14) 9... Bd7 (9... Ng4 $11) 10. Rc1 (10. h3 $14) 10... Ng4 $11 11. Ng3 (11. Nf3 $11) 11... Nxe3 12. fxe3 e5 13. Nb3 (13. Nf3 $15) 13... Qb6 $2 (13... Bg5 $19 14. Qe1 exd4 15. Nxd4 Nxd4 16. exd4 Bxc1 17. Qxc1 Qb6) 14. Nf5 Bxf5 15. Rxf5 g6 16. Qg4 Kh8 17. Rf3 (17. Rf2 $142) 17... h5 (17... exd4 $17 {aiming for ...Ne5.} 18. Rh3 Bf6) 18. Rh3 $1 exd4 {[%emt 0:02:27] [#]} (18... h4 $11 {remains equal.}) 19. Rxh5+ $1 $16 gxh5 (19... Kg8 $14) (19... Kg7 20. Rb5) 20. Qxh5+ Kg7 {[%emt 0:00:06] Strongly threatening ...Rh8.} 21. Qg4+ {[%emt 0:12:05][%mdl 1024] White has strong compensation.} Kh6 {[%emt 0:02:51] Threatens to win with ...Rg8.} (21... Kh8 $2 22. e5 Rg8 23. Qh5+ Kg7 24. Rf1 Nxe5 25. Nxd4 $18) 22. Qh3+ Kg7 {[%emt 0:00:46] Hoping for ...Rh8.} 23. Qg4+ Kh6 $1 (23... Kh8 24. e5 Rg8 25. Qh5+ Kg7 26. e6 $18) 24. Qh3+ ({White should try} 24. e5 $1 $14 Rg8 25. Qh3+ Kg7 26. Qh7+ Kf8 27. e6) 24... Kg7 {[%emt 0:00:18] [#]} 25. Qg4+ $2 {Weighted Error Value: White=0.36/Black=0.36} (25. Qg3+ $1 $16 Kh8 26. Qh3+ Kg7) 1/2-1/2

[Event "CZE-ch U12 Open 2023"]
[Site "Teplice"]
[Date "2023.03.15"]
[Round "6.11"]
[White "Maly, Jiri"]
[Black "Mazurek, Richard"]
[Result "1-0"]
[ECO "B07"]
[WhiteElo "1520"]
[BlackElo "1137"]
[Annotator "NA RC COMBH"]
[PlyCount "105"]
[EventDate "2023.03.09"]
[EventType "swiss"]
[EventCountry "CZE"]
[SourceTitle "playchess.com"]
[Source "ChessBase"]
[SourceQuality "1"]
[TimeControl "40/5400+30:1800+30"]

1. e4 d6 2. d4 Nf6 3. Nc3 e5 4. dxe5 dxe5 5. Qxd8+ Kxd8 6. Nf3 Nbd7 7. Ng5 Rg8 8. Bc4 Nb6 9. Bxf7 Rh8 10. Bb3 Ke7 11. Nf7 Be6 12. Nxh8 Bxb3 13. axb3 Ke6 14. O-O a6 15. Be3 Bb4 16. f3 Rxh8 17. Rad1 Nbd7 18. Nd5 Nxd5 19. Rxd5 c6 20. Rd3 Nc5 21. Bxc5 Bxc5+ 22. Kh1 Re8 23. Rfd1 Re7 24. c3 a5 25. g3 g5 26. Kg2 h5 27. Rd8 Rg7 28. Rh8 h4 29. Rh6+ Ke7 30. gxh4 gxh4+ 31. Kh3 Bf2 32. Rf1 Be3 33. Rxh4 Bf4 34. Rd1 Bg5 35. Rg4 Rh7+ 36. Kg2 Bf4 37. h3 Be3 38. Ra1 Bb6 39. Kg3 Kf6 40. h4 Kf7 41. Rd1 Ke7 42. Rh1 Be3 43. h5 Rh6 44. Rg7+ Kf6 45. Rg6+ Rxg6+ 46. hxg6 Kxg6 47. Rh8 Bc1 48. c4 Bxb2 49. Rb8 Kf6 50. Rxb7 Ke6 51. f4 Kd6 52. f5 Bc1 53. Kg4 1-0

[Event "CZE-ch U12 Open 2023"]
[Site "Teplice"]
[Date "2023.03.15"]
[Round "6.12"]
[White "Krisica, Lukas"]
[Black "Tejnor, Martin"]
[Result "0-1"]
[ECO "A45"]
[WhiteElo "1342"]
[BlackElo "1360"]
[Annotator "NA RC COMBH"]
[PlyCount "60"]
[EventDate "2023.03.09"]
[EventType "swiss"]
[EventCountry "CZE"]
[SourceTitle "playchess.com"]
[Source "ChessBase"]
[SourceQuality "1"]
[TimeControl "40/5400+30:1800+30"]

1. d4 Nf6 2. e3 g6 3. Bd3 Bg7 4. f4 O-O 5. Nf3 c5 6. c3 d6 7. O-O Nc6 8. e4 Bg4 9. e5 dxe5 10. dxe5 Nd5 11. Be4 e6 12. Bxd5 exd5 13. Be3 b6 14. Nbd2 Re8 15. Qc2 Rc8 16. Qd3 Bf5 17. Qe2 f6 18. exf6 Bxf6 19. Qf2 d4 20. cxd4 cxd4 21. Bxd4 Nxd4 22. Rad1 Re2 23. Qg3 Rc2 24. Kh1 Nxf3 25. Nxf3 Qe7 26. Rc1 Qc7 27. Rcd1 Qc6 28. h3 Be4 29. Rg1 Bxf3 30. gxf3 Qxf3+ 0-1